 Dungeon Crawl Stone Soup version 0.30-a0-627-gc11e7ae810 (webtiles) character file.

Game seed: 14691022535830705578

1091 Dartaoz the Carver (level 8, -1/58 HPs)
             Began as a Demonspawn Fighter on Jan 12, 2023.
             Was an Initiate of Yredelemnul.
             Slain by a gnoll bouda
             ... wielding a +0 whip
              (5 damage)
             ... on level 6 of the Dungeon.
             The game lasted 00:12:14 (4516 turns).

Dartaoz the Carver (Demonspawn Fighter)             Turns: 4516, Time: 00:12:15

Health: -1/58      AC: 12    Str: 16    XL:     8   Next: 9%
Magic:  8/8        EV:  2    Int: 10    God:    Yredelemnul [......]
Gold:   291        SH:  0    Dex: 15    Spells: 7/7 levels left

rFire   . . .      SeeInvis .    a - +0 long sword
rCold   . . .      Faith    .    c - +0 buckler
rNeg    . . .      Spirit   .    e - +0 plate armour
rPois   .          Reflect  .    (helmet restricted)
rElec   .          Harm     .    j - +0 cloak
rCorr   .          Rampage  .    (no gloves)
Will    .....                    (no boots) Stlth
                                 (no amulet)
HPRegen 0.29/turn                (no ring)
MPRegen 0.11/turn                (no ring)

@: held
A: antennae 1, hooves 2, demonic guardian 1, powered by pain 1, weakness stinger
1
a: Renounce Religion, Recall Undead Harvest


You were on level 6 of the Dungeon.
You worshipped Yredelemnul.
Yredelemnul was noncommittal.
You visited 1 branch of the dungeon, and saw 6 of its levels.

You collected 291 gold pieces.

Inventory:

Hand Weapons
 a - a +0 long sword (weapon)
Armour
 b - a +0 scale mail
 c - a +0 buckler (worn)
 e - a +0 plate armour (worn)
 j - a +0 cloak (worn)
Jewellery
 h - a ring of magical power
 y - an amulet of guardian spirit
Wands
 u - a wand of charming (19)
 z - a wand of flame (15)
 A - a wand of digging (4)
Scrolls
 f - 4 scrolls of magic mapping {unknown}
 k - 2 scrolls of fog {unknown}
 l - a scroll of enchant armour {unknown}
 n - a scroll of enchant weapon {unknown}
 o - 3 scrolls of teleportation
 s - 3 scrolls of silence {unknown}
 t - a scroll of fear {unknown}
 v - a scroll of amnesia {unknown}
 w - a scroll of torment {unknown}
 x - a scroll of immolation {unknown}
Potions
 d - 2 potions of might
 g - 3 potions of curing
 i - a potion of degeneration
 m - 2 potions of flight
 p - a potion of magic {unknown}
 q - a potion of heal wounds {unknown}
 r - 2 potions of brilliance {unknown}


   Skills:
 + Level 3.2 Fighting
 + Level 8.5 Long Blades
 + Level 2.9 Armour
 + Level 0.7 Dodging
 + Level 2.9 Shields
 + Level 1.2 Invocations


You had 7 spell levels left.
You didn't know any spells.
Your spell library contained the following spells:

 Spells                   Type           Power      Damage    Failure   Level
 Magic Dart               Conj           0%         1d3       100%        1
 Cigotuvi's Dreadful Rot  Necr/Pois/Air  0%         N/A       100%        2
 Poisonous Vapours        Pois/Air       0%         N/A       100%        2
 Searing Ray              Conj           0%         2d4       100%        2
 Mephitic Cloud           Conj/Pois/Air  0%         N/A       100%        3
 Fulminant Prism          Conj/Hex       0%         3d5       100%        4


Dungeon Overview and Level Annotations

Branches:
Dungeon (6/15)
 Temple: D:4-7

Altars:
Ashenzari
Cheibriados
Wu Jian
Yredelemnul

Annotations:
D:6 Pikel, Prince Ribbit


Innate Abilities, Weirdness & Mutations

You have a pair of small antennae on your head.
You have hoof-like feet.
A weak demonic guardian rushes to your aid.
You sometimes gain a little power by taking damage.
You have a small tail.


Message History

Your hound zombie barely misses the orc wizard.
The orc wizard hits you but does no damage.
The gnoll bouda barks out a call to the hunt!
The gnolls pick up the pace!
Your hound zombie barely misses the orc wizard.
You slash the orc wizard! You kick the orc wizard.
You kill the orc wizard!
The gnoll barely misses you.
Prince Ribbit blinks!
A gnoll comes into view. It is wielding a +0 spear.
The gnoll hits you but does no damage.
The orc priest hits you with a +0 hand axe.
Your hound zombie bites the gnoll.
The gnoll throws a throwing net.
The throwing net barely misses your hound zombie.
The throwing net hits you.
You become entangled in the net!
You see here a throwing net.
You are held in a net!
You struggle against the net.
Your hound zombie bites the gnoll but does no damage.
The gnoll hits you with a +0 halberd!
The gnoll bouda hits you with a +0 whip.
The orc priest mumbles some strange prayers to Beogh against you.
Pain shoots through your body!
Your hound zombie completely misses the gnoll.
You tear a large gash into the net.
The gnoll hits you with a +0 halberd!
* * * LOW HITPOINT WARNING * * *
The gnoll bouda hits you but does no damage.
The orc priest calls down the wrath of Beogh upon you.
Pain shoots through your body!
* * * LOW HITPOINT WARNING * * *
Your hound zombie barely misses the gnoll.
The gnoll hits you from afar with a +1 halberd of protection.
* * * LOW HITPOINT WARNING * * *
A demonic guardian appears!
You struggle against the net.
The gnoll hits you with a +0 halberd.
* * * LOW HITPOINT WARNING * * *
The orc priest hits you but does no damage.
The orc priest barely misses your white imp.
The gnoll bouda hits you with a +0 whip.
You die...
Your body rises from the dead as a mindless zombie.

#.............#
#.............##........
#.............##........
###...........##........
#...........##........
#...........##........
#...........##...... #
#...........##5o.#
###...........##@gg####
##......<.......Zg......
##.###...####...g...F...
...#....................
.###.#...###............
...............#........
...#.#.........#........
##.#.[.........#........
#.....................


You could see Prince Ribbit, a gnoll bouda, an orc priest (ally target), 3
gnolls, a friendly white imp (summoned) and a friendly hound zombie.

Vanquished Creatures
  Grinder (D:4)
  A phantom (D:4)
  A lemure (D:6)
  A scorpion (D:5)
  A wight (D:5)
  4 hounds
  An orc priest (D:6)
  2 orc wizards (D:6)
  6 adders
  2 worms (D:3)
  3 dart slugs
  11 orcs
  8 ball pythons
  4 bats
  5 endoplasms
  2 giant cockroaches
  8 goblins
  7 hobgoblins
  A jackal (D:5)
  3 quokkas
  3 frilled lizards
  10 kobolds
  5 rats
90 creatures vanquished.

Vanquished Creatures (collateral kills)
  2 ogres (D:5)
  A scorpion (D:4)
  3 hounds (D:5)
  2 adders (D:2)
  An orc (D:3)
  An endoplasm (D:4)
  A hobgoblin (D:1)
  2 jackals (D:5)
  A frilled lizard (D:3)
  A kobold (D:3)
  A rat (D:2)
16 creatures vanquished.

Vanquished Creatures (others)
  A worm zombie (D:3)
  A ball python zombie (D:4)
  A frilled lizard zombie (D:3)
  A giant cockroach zombie (D:3)
  2 hobgoblin zombies (D:3)
  2 kobold zombies (D:3)
  4 orc zombies (D:3)
12 creatures vanquished.

Grand Total: 118 creatures vanquished

Notes
Turn   | Place    | Note
-------+----------+-------------------------------------------
     0 | D:1      | Dartaoz the Demonspawn Fighter began the quest for the Orb.
     0 | D:1      | Reached XP level 1. HP: 18/18 MP: 1/1
    42 | D:1      | Reached skill level 2 in Long Blades
    73 | D:1      | Gained mutation: A weak demonic guardian rushes to your
                  | aid. [demonic ancestry]
    73 | D:1      | Reached XP level 2. HP: 24/24 MP: 2/2
    74 | D:1      | Found a faded altar of an unknown god.
   415 | D:1      | Reached skill level 3 in Long Blades
   548 | D:1      | Discovered your monstrous ancestry.
   548 | D:1      | Gained mutation: You have a pair of small antennae on your
                  | head. [demonic ancestry]
   548 | D:1      | Reached XP level 3. HP: 29/29 MP: 3/3
  1028 | D:2      | Found a basalt altar of Yredelemnul.
  1045 | D:2      | Became a worshipper of Yredelemnul the Dark
  1147 | D:2      | Reached * piety under Yredelemnul
  1197 | D:2      | Reached skill level 4 in Long Blades
  1197 | D:2      | Gained mutation: You have a small tail. [demonic ancestry]
  1197 | D:2      | Reached XP level 4. HP: 32/35 MP: 4/4
  1307 | D:2      | Reached ** piety under Yredelemnul
  1785 | D:3      | Identified the +5 scale mail "Nadd" {+Inv}
  1978 | D:3      | Found a broken altar of Ashenzari.
  2178 | D:3      | Found a snail-covered altar of Cheibriados.
  2180 | D:3      | Found a basalt altar of Yredelemnul.
  2180 | D:3      | Found an ornate altar of the Wu Jian Council.
  2728 | D:4      | Noticed a scorpion
  2813 | D:4      | Gained mutation: You have large cloven feet. [demonic
                  | ancestry]
  2813 | D:4      | Reached XP level 5. HP: 39/41 MP: 5/5
  2895 | D:4      | Noticed a phantom
  2907 | D:4      | Killed a phantom
  2908 | D:4      | Reached skill level 5 in Long Blades
  2913 | D:4      | Gained mutation: You sometimes gain a little power by
                  | taking damage. [demonic ancestry]
  2913 | D:4      | Reached XP level 6. HP: 12/47 MP: 6/6
  3125 | D:4      | Reached skill level 6 in Long Blades
  3298 | D:4      | Noticed Grinder
  3305 | D:4      | Paralysed by Grinder for 3 turns
  3309 | D:4      | Killed Grinder
  3310 | D:4      | Reached skill level 7 in Long Blades
  3310 | D:4      | Reached XP level 7. HP: 42/52 MP: 7/7
  3506 | D:5      | Entered Level 5 of the Dungeon
  3654 | D:5      | Reached skill level 8 in Long Blades
  4036 | D:6      | Noticed Pikel
  4101 | D:6      | Gained mutation: You have hoof-like feet. [demonic
                  | ancestry]
  4101 | D:6      | Reached XP level 8. HP: 35/58 MP: 8/8
  4442 | D:6      | Reached skill level 1 in Invocations
  4511 | D:6      | Noticed Prince Ribbit
  4516 | D:6      | Slain by a gnoll bouda

Illustrated notes

Levels and vault maps discovered:
D:1:      dpeg_arrival_chambers_temple_mockup, layout_loops_ring,
          hellmonk_ecumenical_altar_arch_garden
D:2:      layout_basic, basic_altar
D:3:      layout_loops_corners, ashenzari_conservatory_becter,
          grunt_temple_overflow_open
D:4:      nicolae_cairo_tiling, layout_cave_pools, uniq_grinder
D:5:      layout_rooms, dreamdust_mushroom_princess
D:6:      dreamdust_elfheim, layout_basic, temple_hall, serial_bayou_lagoon_b,
          uniq_edmund, uniq_menkaure, uniq_prince_ribbit1, uniq_pikel

Skill      XL: |  1  2  3  4  5  6  7  8 |
---------------+-------------------------+-----
Long Blades    | 2 3 4 5 7 8 |  8.5
Invocations    | 1 |  1.2
Fighting       | |  3.2
Armour         | |  2.9
Dodging        | |  0.7
Shields        | |  2.9

Action                   |  1- 3 |  4- 6 |  7- 9 || total
-------------------------+-------+-------+-------++-------
Melee: Long sword        |   130 |   113 |    90 ||   333
       Tailslap          |       |    12 |    16 ||    28
       Kick              |       |     7 |    23 ||    30
  Use: Scroll            |       |     4 |     1 ||     5
 Stab: Distracted        |       |     1 |       ||     1
Armor: Scale mail        |    10 |       |       ||    10
       Plate armour      |    91 |    69 |    93 ||   253
Dodge: Dodged            |    38 |    18 |    17 ||    73
Block: Buckler           |    30 |    26 |    28 ||    84

Table legend: (Time is in decaauts)
 A = Elapsed time spent in this place.
 B = Non-inter-level travel time spent in this place.
 C = Inter-level travel time spent in this place.
 D = Time resting spent in this place.
 E = Time spent auto-exploring this place.
 F = Levels seen in this place.
 G = Mean time per level.
                   A        B        C        D        E       F      G
               +--------+--------+--------+--------+--------+-----+--------+
         Total |   4579 |   4299 |    280 |    259 |   3220 |   6 |  763.2 |
       Dungeon |   4579 |   4299 |    280 |    259 |   3220 |   6 |  763.2 |
               +--------+--------+--------+--------+--------+-----+--------+

Top non-repeatable levels by time:
     D:3: 1150 daAuts
     D:2: 860 daAuts
     D:1: 824 daAuts
     D:5: 763 daAuts
     D:4: 731 daAuts
     D:6: 250 daAuts
